Map: Triton LE

Players

pHARM

  • Race: Zerg Zerg
  • League: Platinum
  • Spawn Location: 11:00

JasonBrohees - Winner!

  • Race: Terran Terran
  • League: Diamond
  • Spawn Location: 5:00

VOD

Have the link to the VOD?

Description

Time

  • Played on: Aug. 24, 2019, 7:33 p.m.
  • Length: 30:29
Show
View Real Time Build Order
Export as new Build Order

pHARM Zerg 

Build Orders: Hatch First, Swarm Host 

Get SALT Encoding   

  12  0:01  Drone  
  13  0:13  Overlord  
  13  0:17  Drone  
  14  0:33  Drone x2  
  16  0:43  Drone  
  17  0:54  Hatchery  
  16  1:00  Drone x2  
  18  1:09  Drone  
  19  1:19  Spawning Pool  
  19  1:22  Drone  
  19  1:31  Drone  
  20  1:41  Drone  
  20  1:44  Extractor  
  20  1:49  Overlord  
  20  2:06  Queen x2  
  24  2:08  Zergling x4  
  24  2:12  Drone  
  27  2:29  Drone  
  28  2:30  Drone x2  
  30  2:42  Drone x2  
  32  2:46  Lair  
  32  2:47  Queen  
  32  2:50  Drone  
  35  2:56  Drone  
  35  3:05  Drone  
  35  3:07  Overlord x2  
  36  3:16  Overlord  
  36  3:27  Drone x6  
  42  3:39  Drone  
  43  3:53  Baneling Nest  
  43  3:55  Evolution Chamber  
  41  3:59  Roach Warren  
  41  4:01  Evolution Chamber  
  39  4:03  Drone x5  
  44  4:10  Extractor x2  
  42  4:29  Zerg Melee Weapons Level 1  
  42  4:39  Drone x7  
  49  4:46  Zerg Ground Armor Level 1  
  49  4:53  Overseer  
  49  4:58  Pneumatized Carapace  
  49  5:17  Hatchery  
  48  5:23  Overlord x2  
  48  5:42  Zergling x2  
  49  5:43  Zergling x18  
  58  5:50  Drone  
  58  5:52  Hydralisk Den  
  58  6:05  Queen x2  
  58  6:08  Hatchery  
  58  6:10  Metabolic Boost  
  61  6:11  Centrifical Hooks  
  61  6:14  Baneling x3  
  61  6:15  Baneling  
  61  6:24  Grooved Spines  
  61  6:33  Zergling x2  
  61  6:34  Zergling x22  
  73  6:49  Zerg Melee Weapons Level 2  
  73  6:55  Extractor  
  72  7:21  Drone x2  
  74  7:25  Drone x10  
  84  7:31  Zerg Ground Armor Level 2  
  84  7:35  Muscular Augments  
  84  7:41  Overlord x6  
  84  8:05  Drone  
  85  8:07  Extractor  
  85  8:08  Extractor  
  83  8:13  Infestation Pit  
  81  8:24  Drone  
  81  8:25  Drone x10  
  92  8:35  Spore Crawler  
  91  8:49  Swarm Host x2  
  91  8:50  Swarm Host x11  
  91  8:51  Nydus Network  
  129  9:06  Zerg Missile Weapons Level 1  
  129  9:11  Hive  
  129  9:17  Hatchery  
  129  9:24  Swarm Host x2  
  128  9:25  Overlord x5  
  128  9:26  Overlord x4  
  134  9:35  Drone  
  135  10:14  Nydus Canal  
  135  10:15  Swarm Host  
  135  10:16  Swarm Host x10  
  168  10:31  Spire  
  167  10:46  Swarm Host, Nydus Canal  
  167  10:47  Swarm Host x2  
  176  11:04  Drone  
  176  11:05  Drone x16  
  163  11:39  Swarm Host x10  
  177  11:41  Zergling x8  
  177  11:42  Overlord  
  177  11:43  Overlord x2  
  170  12:24  Hydralisk  
  170  12:25  Hydralisk x13  
  198  12:30  Overlord x3  
  198  12:31  Overlord x3  
  198  12:33  Overseer x3  
  198  13:44  Greater Spire  
  198  13:48  Evolution Chamber x2  
  196  13:54  Spine Crawler  
  195  13:56  Spine Crawler  
  195  13:58  Extractor  
  195  13:59  Extractor  
  192  14:15  Zerg Missile Weapons Level 2  
  192  14:23  Zerg Ground Armor Level 3  
  193  15:07  Zergling x16  
  200  15:24  Nydus Canal  
  200  15:35  Hatchery  
  200  15:38  Nydus Canal  
  200  15:41  Hatchery  
  198  16:00  Zerg Flyer Armor Level 1  
  198  16:01  Baneling Nest  
  167  16:19  Corruptor x4  
  167  16:20  Corruptor x11  
  147  17:04  Hydralisk x3  
  147  17:05  Hydralisk x9  
  171  17:21  Brood Lord x3  
  136  17:48  Overseer x2  
  133  18:12  Zergling x2  
  134  18:13  Zergling x22  
  145  18:20  Extractor  
  144  18:37  Extractor x2  
  131  19:30  Hydralisk x12  
  131  19:31  Hydralisk x6  
  167  19:39  Drone  
  167  19:40  Drone x5  
  173  19:50  Nydus Canal  
  173  19:58  Zerg Melee Weapons Level 3  
  129  20:56  Hydralisk x13  
  134  21:00  Zergling x26  
  153  21:30  Zergling x16  
  153  21:31  Zergling x10  
  166  21:33  Hatchery  
  166  21:35  Adrenal Glands  
  165  21:44  Hatchery  
  165  21:46  Hydralisk  
  165  21:47  Hydralisk x4  
  174  22:24  Nydus Canal  
  174  22:31  Extractor  
  173  22:56  Hydralisk x10  
  193  23:00  Overlord x3  
  193  23:04  Drone  
  194  23:19  Drone  
  200  23:20  Drone x5  
  128  24:20  Drone  
  128  24:21  Drone x14  
  128  24:22  Drone x15  
  128  24:23  Drone x7  
  165  24:30  Brood Lord  
  169  24:31  Brood Lord  
  169  24:32  Brood Lord  
  169  24:35  Swarm Host x5  
  186  24:52  Extractor  
  185  25:03  Swarm Host x4  
  197  25:10  Hatchery  
  196  25:55  Extractor  
  195  25:58  Zergling x12, Extractor x2  
  195  26:00  Overlord x2  
  199  26:29  Baneling x11  
  199  26:30  Baneling x2  
  187  27:35  Swarm Host  
  187  27:36  Swarm Host x3  
  199  27:50  Zergling x2  
  177  29:02  Hydralisk x9  
  169  29:38  Hydralisk x9  
  130  29:51  Hydralisk x2  
  133  29:52  Queen  
  137  30:03  Hydralisk  
  137  30:04  Hydralisk x9  
Show
View Real Time Build Order
Export as new Build Order

JasonBrohees Terran - Winner!

Build Orders: Mech 

Get SALT Encoding   

  12  0:01  SCV  
  13  0:13  SCV  
  14  0:16  Supply Depot  
  14  0:25  SCV  
  15  0:38  SCV  
  15  0:39  Barracks  
  16  0:44  Refinery  
  16  0:50  SCV  
  17  1:04  SCV  
  18  1:16  SCV  
  19  1:29  Command Center  
  19  1:32  Barracks Reactor  
  19  1:43  Orbital Command  
  19  2:04  Supply Depot  
  19  2:11  SCV  
  20  2:15  Barracks  
  20  2:18  Marine  
  20  2:19  Marine  
  22  2:25  Supply Depot  
  22  2:28  SCV  
  22  2:39  Marine x2  
  22  2:43  Orbital Command  
  24  2:52  SCV  
  24  2:53  Refinery  
  24  2:55  Supply Depot  
  24  2:57  Marine  
  26  3:00  Marine  
  26  3:04  SCV  
  28  3:09  SCV  
  29  3:18  SCV  
  30  3:21  SCV  
  31  3:27  Barracks Tech Lab  
  31  3:30  SCV  
  31  3:31  Factory  
  31  3:33  SCV  
  33  3:37  Factory  
  33  3:42  SCV  
  33  3:45  SCV  
  35  3:52  Marine x2  
  35  3:54  SCV  
  38  3:57  SCV  
  39  4:05  Supply Depot  
  39  4:06  SCV  
  39  4:09  SCV  
  41  4:19  SCV  
  41  4:21  SCV  
  43  4:28  Supply Depot  
  43  4:31  SCV, Armory  
  44  4:33  Armory  
  44  4:35  SCV  
  44  4:37  Barracks Reactor  
  45  4:38  Barracks Tech Lab  
  45  4:42  Siege Tank  
  45  4:43  SCV  
  49  4:47  SCV  
  49  4:48  Infernal Pre-Igniter  
  49  4:50  Supply Depot  
  50  4:55  SCV  
  50  4:59  SCV  
  52  5:04  Widow Mine  
  52  5:05  Widow Mine  
  56  5:07  SCV  
  56  5:11  SCV  
  58  5:19  SCV  
  58  5:20  Siege Tank, Engineering Bay  
  62  5:21  Engineering Bay  
  62  5:43  Terran Vehicle And Ship Armor Level 1  
  62  5:47  SCV  
  62  5:48  SCV, Refinery  
  62  5:49  Refinery  
  64  5:59  SCV  
  64  6:00  SCV, Supply Depot  
  70  6:04  Hellbat x2  
  70  6:06  Siege Tank  
  73  6:13  SCV  
  73  6:14  SCV  
  75  6:20  Terran Vehicle Weapons Level 1  
  75  6:22  Command Center  
  75  6:25  Hellbat x2  
  79  6:38  Missile Turret  
  79  6:41  Missile Turret  
  79  6:42  SCV  
  79  6:43  SCV  
  81  6:47  Supply Depot  
  81  6:48  Hellbat x2  
  81  6:49  Siege Tank  
  81  6:50  Supply Depot  
  88  6:59  Missile Turret  
  88  7:01  Factory x2  
  88  7:03  Missile Turret  
  88  7:08  SCV  
  88  7:09  SCV  
  88  7:11  Supply Depot  
  88  7:14  Drilling Claws  
  90  7:17  Hellbat x2  
  94  7:25  SCV x2  
  94  7:27  Hi-Sec Auto Tracking  
  94  7:28  Neosteel Armor  
  96  7:32  Sensor Tower  
  96  7:44  Thor  
  96  7:45  Hellbat x2  
  106  7:56  SCV  
  106  7:58  SCV  
  108  8:08  Planetary Fortress  
  108  8:09  SCV  
  108  8:10  SCV  
  110  8:14  Terran Vehicle And Ship Armor Level 2  
  110  8:15  Refinery  
  110  8:17  Refinery, Widow Mine  
  110  8:19  Widow Mine  
  116  8:27  Widow Mine x2  
  116  8:33  SCV  
  116  8:34  SCV  
  120  8:45  SCV  
  120  8:46  SCV  
  120  8:47  Thor  
  128  8:51  Hellbat x2  
  132  8:58  SCV, Supply Depot  
  132  9:00  Supply Depot  
  132  9:01  Supply Depot  
  133  9:14  Terran Vehicle Weapons Level 2  
  133  9:20  SCV x3, Hellbat x2  
  133  9:22  Supply Depot  
  133  9:23  Supply Depot, Starport  
  140  9:32  SCV x2  
  140  9:33  SCV  
  140  9:38  Missile Turret  
  143  9:40  Thor  
  143  9:42  Thor  
  143  9:44  SCV, Widow Mine x2  
  143  9:45  SCV, Supply Depot, Widow Mine x2  
  165  9:54  Command Center  
  165  9:59  Missile Turret  
  165  10:01  Starport Reactor  
  165  10:05  Smart Servos  
  165  10:08  Supply Depot  
  165  10:18  Widow Mine x2  
  165  10:19  Widow Mine x2  
  173  10:23  Thor  
  179  10:29  Siege Tank  
  179  10:31  Supply Depot  
  182  10:44  Hellbat x2  
  182  10:45  Hellbat x2  
  182  10:46  Viking x2  
  194  10:53  Supply Depot  
  193  11:13  Thor  
  193  11:17  Supply Depot  
  178  11:35  Hellbat x2  
  178  11:36  Hellbat x3  
  166  11:41  Supply Depot  
  166  12:03  Hellbat x5  
  166  12:06  Supply Depot  
  157  12:24  Hellbat  
  157  12:29  Supply Depot  
  131  12:38  Liberator x2  
  131  12:41  Thor x2  
  131  12:42  Hellbat  
  131  12:43  Hellbat  
  147  12:44  Hellbat  
  147  12:50  Terran Vehicle Weapons Level 3  
  147  12:51  Terran Vehicle And Ship Armor Level 3  
  153  12:59  Starport  
  147  13:17  SCV  
  147  13:19  Orbital Command  
  140  13:21  Liberator x2  
  140  13:27  Planetary Fortress  
  140  13:29  SCV  
  140  13:31  Thor  
  140  13:32  Thor  
  140  13:33  Hellbat  
  140  13:34  Hellbat x3  
  158  13:41  SCV  
  158  13:43  Refinery  
  159  13:48  Command Center  
  159  13:56  Hellbat x3  
  159  13:57  Hellbat  
  167  14:03  Liberator  
  167  14:04  Liberator  
  167  14:14  Thor  
  167  14:15  SCV x2, Thor  
  167  14:16  SCV  
  182  14:22  Hellbat  
  190  14:27  SCV x2  
  190  14:28  SCV  
  193  14:36  Missile Turret  
  193  14:43  Missile Turret  
  169  14:57  SCV  
  169  14:58  Command Center  
  168  15:00  SCV  
  168  15:04  Hellbat x2  
  168  15:05  Hellbat x2  
  177  15:09  SCV  
  177  15:12  SCV, Planetary Fortress  
  179  15:21  Refinery  
  179  15:22  Refinery  
  179  15:24  SCV  
  179  15:27  SCV  
  181  15:39  SCV, Thor  
  181  15:41  Thor  
  194  15:51  SCV  
  169  16:47  Thor x2  
  169  16:48  Hellbat x4  
  177  17:01  Liberator x2  
  147  17:09  Hellbat  
  147  17:10  Hellbat x2  
  153  17:27  Terran Ship Weapons Level 1  
  153  17:30  Barracks  
  153  17:32  Barracks  
  147  17:43  Liberator  
  147  17:44  Liberator  
  105  17:47  SCV  
  102  17:56  Planetary Fortress  
  102  17:59  Command Center, SCV  
  102  18:00  Thor  
  102  18:01  Thor  
  102  18:03  Widow Mine x2  
  102  18:04  Hellbat x2  
  119  18:22  Barracks Reactor  
  119  18:23  Starport  
  119  18:25  Barracks Tech Lab  
  119  18:26  Factory  
  119  18:32  SCV  
  120  18:46  Thor  
  120  18:47  Thor  
  96  19:19  Factory Reactor  
  96  19:20  Hellbat x3  
  96  19:21  Hellbat  
  96  19:24  Terran Ship Weapons Level 2  
  102  19:29  Thor  
  102  19:30  Thor  
  112  19:31  SCV  
  112  19:32  SCV  
  112  19:36  SCV  
  115  19:42  Missile Turret  
  115  19:43  SCV  
  115  19:44  SCV  
  117  19:48  SCV  
  118  19:54  Refinery x2  
  118  20:01  Command Center  
  118  20:02  SCV  
  118  20:03  Missile Turret  
  119  20:07  Orbital Command  
  119  20:14  SCV  
  99  20:38  Hellbat  
  99  20:39  Hellbat x3  
  99  20:40  Thor  
  99  20:42  Thor  
  103  20:55  SCV  
  103  20:56  SCV  
  99  21:07  SCV  
  99  21:08  SCV  
  101  21:16  SCV, Planetary Fortress  
  102  21:18  Missile Turret  
  102  21:19  SCV  
  102  21:20  SCV  
  104  21:27  Thor  
  104  21:28  SCV  
  104  21:32  Factory  
  111  21:33  SCV  
  111  21:36  SCV  
  113  21:40  Missile Turret  
  113  21:42  SCV  
  114  21:48  SCV  
  114  21:51  Starport Reactor  
  114  21:53  Terran Ship Weapons Level 3  
  116  21:54  SCV  
  116  21:57  SCV  
  116  21:58  SCV  
  116  21:59  SCV  
  119  22:01  SCV  
  120  22:09  Viking x2  
  120  22:12  Thor  
  120  22:13  SCV  
  131  22:23  Thor  
  131  22:24  Factory Tech Lab  
  131  22:28  Viking  
  131  22:29  Viking  
  120  22:50  Thor  
  124  22:52  Hellbat x4  
  132  23:10  Command Center, SCV  
  133  23:15  SCV  
  134  23:22  SCV  
  135  23:27  SCV x2  
  137  23:34  SCV  
  137  23:40  SCV  
  139  23:42  SCV  
  139  23:45  Thor  
  139  23:46  SCV  
  104  24:12  Thor  
  110  24:18  SCV  
  110  24:22  SCV  
  112  24:30  SCV  
  113  24:32  Orbital Command  
  113  24:35  SCV  
  114  24:43  SCV  
  115  24:46  Thor  
  115  24:48  SCV  
  122  24:55  SCV, Refinery x2  
  123  25:00  SCV  
  123  25:05  Thor  
  130  25:11  Thor  
  136  25:21  SCV x2  
  138  25:29  Thor  
  144  25:46  Command Center  
  144  25:47  Thor  
  150  25:54  Thor  
  156  26:02  SCV  
  156  26:03  SCV  
  156  26:04  SCV  
  159  26:05  SCV  
  160  26:11  Thor  
  166  26:21  Sensor Tower  
  166  26:22  SCV  
  166  26:23  SCV  
  166  26:25  SCV x2  
  170  26:37  SCV  
  170  26:39  Thor  
  177  26:41  Thor  
  177  26:45  Sensor Tower  
  183  27:01  Thor  
  184  27:02  Hellbat  
  167  27:34  Orbital Command  
  161  27:48  Refinery  
  161  27:51  SCV  
  162  28:03  SCV, Refinery  
  162  28:05  SCV  
  164  28:06  SCV  
  165  28:15  SCV, Thor  
  153  28:43  SCV  
  154  28:56  SCV  
  154  29:01  Thor x2  
  149  29:37  Thor  
  149  29:38  Thor  
Tags
 
Composition
MechSwarm Host
Matchup
TvZ
Replay Pack
10.7.19
Spawn Locations
Cross Positions
Add a new tag
Caveats
  • Supply blocks, unpowered buildings, or Contaminate may cause inaccurate times.
  • Supply counts are checked every 10 seconds.